AoeStats
← JUST GIVE UP784

Migration

504663780Analyzed
1v1 RM · 25d ago on Sep 6, 2026· 36m 54s· 2 players
Game mode
Random Map
Map size
132×132
Population
200
Speed
Normal
Resources
Standard
Victory
Conquest
Starting age
Dark Age
Ending age
Imperial Age
RankedLock teamsTeams togetherTeam positionsShared explorationLock speedFull tech treeHidden civsTurbo modeCheats
Victory
Defeat
🇭🇰 Vikings · Hong Kong SAR China
439
+8
🇫🇷 Berbers · France
246
-8
JUST GIVE UP784
11:04 Loom
13:26 Feudal Age
14:51 Fishing Lines
15:26 Double-Bit Axe
17:44 Wheelbarrow
16:55 Town Watch
21:19 Castle Age
21:15 Horse Collar
23:56 Hand Cart
23:45 Gillnets
25:41 Man-at-Arms
31:29 Scale Mail Armor
31:40 Forging
31:32 Long Swordsman
K George
4:34 Loom
14:51 Feudal Age
15:21 Double-Bit Axe
15:32 Gold Mining
16:59 Horse Collar
18:51 Forging
18:41 Scale Mail Armor
20:09 Stone Mining
25:07 Castle Age
25:13 Castle Age
23:20 Man-at-Arms
24:42 Arson
24:27 Man-at-Arms
29:54 Bow Saw
30:20 Gold Shaft Mining
29:54 Heavy Plow
30:15 Crossbowman
30:19 Long Swordsman
31:04 Squires
39:04 Imperial Age
37:27 Padded Archer Armor
37:22 Fletching
Connection lost

Rejoining the realm…

Still unreachable

The connection could not be restored.

Session expired

The server has moved on; the page needs a fresh start.